Blackhawks vs Avalanche

Created - 20 janvier 2024 at 12:07

Goals
1 2 3 OT1 T
Blackhawks 2 0 0 1 3
Avalanche 1 1 0 0 2
Shots
1 2 3 OT1 T
Blackhawks 9 13 11 2 35
Avalanche 17 11 12 0 40

GoalsPenalties
1st period
1. Avalanche , Adam Henrique 11 (Brayden Point 19, Josh Anderson 10) at 10:08
2. Blackhawks , Tomas Tatar 14 (Luke Kunin 8, Michael Rasmussen 8) at 11:03
3. Blackhawks , Yanni Gourde 6 (Mark Stone 22) at 11:15
Matthew Benning (CHI) for Hooking (Minor) at 2:16
2nd period
4. Avalanche , Nicolas Roy 10 (Ivan Barbashev 11, Matt Roy 7) at 8:56
Gustav Forsling (COL) for Holding Stick (Minor) at 13:13
Gustav Forsling (COL) for Cross-checking (Minor) at 15:42
3rd period
No Goal
Yanni Gourde (CHI) for Diving (Minor) at 12:42
Overtime #1
5. Blackhawks , Michael Rasmussen 12 (Phillip Di Giuseppe 6, Pavel Mintyukov 1) at 4:57
No Penalty
Goalie Stats
Akira Schmid (CHI), 38 saves from 40 shots - (0,950), W, 16-9-1, 64:57 minutes
Vitek Vanecek (COL), 32 saves from 35 shots - (0,914), OTL, 13-9-3, 64:57 minutes
3 StarsOfficial
1 - Michael Rasmussen (CHI)
2 - Akira Schmid (CHI)
3 - Tomas Tatar (CHI)
Referees : Wes McCauley and Brandon Blandina
Linesman : Andrew Smith and Vaughan Rody
Game Note
No Game Note
Finance
Level 1 -- Attendance: 6000 (100,00%) -- Ticket Income $600,000
Level 2 -- Attendance: 3904 (78,08%) -- Ticket Income $273,280
Level 3 -- Attendance: 1530 (76,50%) -- Ticket Income $71,910
Level 4 -- Attendance: 2127 (53,18%) -- Ticket Income $74,445
Luxury Box -- Attendance: 909 (90,90%) -- Ticket Income $145,440
Game was played at the Pepsi Center.
Total Attendance: 14470 (80,39%)
Total Ticket Income: $1,165,075
Other Income: $570,887
Total Income: $1,735,962



Team Name Goals Shots Shots Attemp Shots Blocked PIM HIT PP PK FO%
Blackhawks 3356594190 / 2 (0%)049%
Avalanche 24073144250 / 2 (0%)051%

Blackhawks
Player Name POS G A P +/- PIM HIT SHT SB MP PP MP PP SHT PK MP PK SHT FO% FOT GA TA
Carson SoucyD0000030220:441:2001:3700% 002
Dominic ToninatoC/LW000-103109:100:0000:0400% 300
Kevin HayesC/LW/RW000-1004017:391:4100:530100% 200
Luke KuninC/RW0111032017:150:0001:5300% 200
Mark StoneRW0111005118:092:1710:000100% 121
Matthew BenningD0000200117:510:0001:0500% 001
Matthew KniesLW/RW000-1010013:490:0000:0000% 001
Michael AmadioC/RW000-100019:230:0000:0000% 011
Michael RasmussenC/LW/RW1122032016:290:0001:04057% 701
Mikael BacklundC000-1013017:482:1710:00036% 1100
Moritz SeiderD0000002124:102:3802:2500% 001
Niko MikkolaD0000001019:290:0002:1000% 011
Pavel MintyukovD0111000020:111:2000:0000% 010
Phillip Di GiuseppeLW/RW0110010012:290:0001:1000% 010
Roman JosiD0000002122:312:3810:3900% 000
Tomas TatarC/LW/RW1011015218:341:4101:5300% 200
Tyler BertuzziLW/RW0001015016:451:4100:0000% 020
Yanni GourdeC/LW1011223018:252:1700:59062% 2101
Avalanche
Player Name POS G A P +/- PIM HIT SHT SB MP PP MP PP SHT PK MP PK SHT FO% FOT GA TA
Adam HenriqueC/LW/RW1011013016:531:4700:00050% 1201
Andrew CoppC/LW000-1003019:460:0002:13070% 1000
Brayden PointC/LW/RW0111005019:112:1110:04033% 311
Gustav ForslingD000-1432222:102:4310:0000% 000
Gustav NyquistLW/RW000-1015316:220:0000:040100% 301
Ilya MikheyevLW/RW0000002014:291:4700:0000% 000
Ivan BarbashevC/LW011-1045014:130:0000:000100% 100
Jake SandersonD000-2011022:402:2301:3700% 000
Josh AndersonLW/RW0110052013:372:1101:4100% 101
Juuso ParssinenC000000007:200:0000:00050% 410
Mathieu JosephC/LW/RW000000207:280:0000:0000% 001
Matt RoyD0110040116:280:2800:0000% 001
Nicolas RoyC/RW101-1021016:480:0001:41038% 1320
Nino NiederreiterLW/RW000-1023018:572:1100:0000% 030
Ryan McDonaghD0001011323:280:0002:2100% 012
Samuel GirardD0000011119:311:3502:3500% 020
Sean DurziD0001002120:410:4701:2300% 000
Zach PariseLW/RW0001002320:491:4702:1300% 200

Blackhawks

5 vs 5 Forward
Line #Left WingCenterRight WingPHYDFOFWanted %Time %Time Play
1Tyler BertuzziYanni GourdeMark Stone0143027%14:00
2Kevin HayesMikael BacklundMatthew Knies1132930%15:27
3Tomas TatarMichael RasmussenLuke Kunin2122626%13:41
4Phillip Di GiuseppeDominic ToninatoMichael Amadio2211517%8:56
5 vs 5 Defense
Line #DefenseDefensePHYDFOFWanted %Time %Time Play
1Moritz SeiderNiko Mikkola1223531%16:08
2Roman JosiMatthew Benning1313435%18:20
3Pavel MintyukovCarson Soucy1223132%16:25
4Moritz SeiderRoman Josi12202%1:11
Power Play Forward
Line #Left WingCenterRight WingPHYDFOFWanted %Time %Time Play
1Yanni GourdeMikael BacklundMark Stone0056058%2:17
2Tyler BertuzziKevin HayesTomas Tatar0054042%1:41
Power Play Defense
Line #DefenseDefensePHYDFOFWanted %Time %Time Play
1Roman JosiMoritz Seider0056066%2:38
2Carson SoucyPavel Mintyukov0054034%1:20
Penalty Kill 4 Players Forward
Line #CenterWingPHYDFOFWanted %Time %Time Play
1Yanni GourdeTomas Tatar1316082%3:15
2Michael RasmussenLuke Kunin1314018%0:43
Penalty Kill 4 Players Defense
Line #DefenseDefensePHYDFOFWanted %Time %Time Play
1Niko MikkolaMatthew Benning1226071%2:49
2Carson SoucyMoritz Seider1224029%1:09
Penalty Kill 3 Players
Line #WingPHYDFOFWanted %Time %Time PlayDefenseDefensePHYDFOFWanted %Time %Time Play
1Yanni Gourde122600%0:00 Niko MikkolaMatthew Benning122600%0:00
2Michael Rasmussen122400%0:00 Carson SoucyMoritz Seider122400%0:00
4 vs 4 Forward
Line #CenterWingPHYDFOFWanted %Time %Time Play
1Mikael BacklundMark Stone122600%0:00
2Yanni GourdeTyler Bertuzzi122400%0:00
4 vs 4 Defense
Line #DefensePHYDFOFWanted %Time %Time Play
1Roman JosiMoritz Seider122600%0:00
2Carson SoucyPavel Mintyukov122400%0:00
Last Minutes Offensive
Left WingCenterRight WingDefenseDefense
Kevin HayesYanni GourdeMark StoneRoman JosiMoritz Seider
Last Minutes Defensive
Left WingCenterRight WingDefenseDefense
Yanni GourdeMikael BacklundMichael RasmussenMatthew BenningMoritz Seider
Time
Total ForwardTotal DefenseLast Minutes OffensiveLast Minutes Defensive
60:00 60:00 0:000:00
Extra Forwards
Normal PowerPlayPenalty Kill
Kevin Hayes, Mark Stone, Mikael BacklundMikael Backlund, Mark StoneYanni Gourde
Extra Defensemen
Normal PowerPlayPenalty Kill
Roman Josi, Carson Soucy, Moritz SeiderRoman Josi, Matthew BenningMoritz Seider
Penalty Shots
Kevin Hayes, Matthew Knies, Tomas Tatar, Mark Stone, Dominic Toninato
Goalie
Akira Schmid, David Rittich
Custom OT Lines Forwards
Mark Stone, Mikael Backlund, Kevin Hayes, Tomas Tatar, Yanni Gourde, Tyler Bertuzzi, Michael Rasmussen, Phillip Di Giuseppe, Matthew Knies, Luke Kunin
Custom OT Lines Defensemen
Roman Josi, Moritz Seider, Pavel Mintyukov, Carson Soucy, Niko Mikkola
Scratches
Brock McGinn (Healthy), Alexander Alexeyev (Healthy)

Avalanche

5 vs 5 Forward
Line #Left WingCenterRight WingPHYDFOFWanted %Time %Time Play
1Brayden PointAdam HenriqueZach Parise0233430%15:36
2Nino NiederreiterAndrew CoppGustav Nyquist0143233%17:04
3Ivan BarbashevNicolas RoyIlya Mikheyev0232923%12:04
4Mathieu JosephJuuso ParssinenJosh Anderson122514%7:20
5 vs 5 Defense
Line #DefenseDefensePHYDFOFWanted %Time %Time Play
1Ryan McDonaghSean Durzi0323434%17:56
2Jake SandersonGustav Forsling0323232%16:51
3Samuel GirardMatt Roy0322931%15:54
4Ryan McDonaghGustav Forsling03253%1:23
Power Play Forward
Line #Left WingCenterRight WingPHYDFOFWanted %Time %Time Play
1Josh AndersonBrayden PointNino Niederreiter0145255%2:11
2Zach PariseAdam HenriqueIlya Mikheyev0144845%1:47
Power Play Defense
Line #DefenseDefensePHYDFOFWanted %Time %Time Play
1Gustav ForslingJake Sanderson0235260%2:23
2Sean DurziSamuel Girard0234840%1:35
Penalty Kill 4 Players Forward
Line #CenterWingPHYDFOFWanted %Time %Time Play
1Andrew CoppZach Parise0415558%2:17
2Nicolas RoyJosh Anderson0414542%1:41
Penalty Kill 4 Players Defense
Line #DefenseDefensePHYDFOFWanted %Time %Time Play
1Ryan McDonaghGustav Forsling0415576%3:00
2Jake SandersonSamuel Girard0414524%0:58
Penalty Kill 3 Players
Line #WingPHYDFOFWanted %Time %Time PlayDefenseDefensePHYDFOFWanted %Time %Time Play
1Andrew Copp050550%0:00 Ryan McDonaghGustav Forsling050550%0:00
2Nicolas Roy050450%0:00 Jake SandersonSamuel Girard050450%0:00
4 vs 4 Forward
Line #CenterWingPHYDFOFWanted %Time %Time Play
1Brayden PointNicolas Roy023600%0:00
2Adam HenriqueNino Niederreiter023400%0:00
4 vs 4 Defense
Line #DefensePHYDFOFWanted %Time %Time Play
1Ryan McDonaghGustav Forsling032600%0:00
2Jake SandersonSamuel Girard131400%0:00
Last Minutes Offensive
Left WingCenterRight WingDefenseDefense
Brayden PointAdam HenriqueNino NiederreiterRyan McDonaghGustav Forsling
Last Minutes Defensive
Left WingCenterRight WingDefenseDefense
Mathieu JosephAndrew CoppZach PariseRyan McDonaghGustav Forsling
Time
Total ForwardTotal DefenseLast Minutes OffensiveLast Minutes Defensive
60:00 60:00 0:000:00
Extra Forwards
Normal PowerPlayPenalty Kill
Nicolas Roy, Andrew Copp, Ivan BarbashevNicolas Roy, Andrew CoppNicolas Roy
Extra Defensemen
Normal PowerPlayPenalty Kill
Samuel Girard, Sean Durzi, Matt RoySamuel Girard, Samuel GirardSean Durzi
Penalty Shots
Gustav Nyquist, Matt Roy, Mathieu Joseph, Zach Parise, Brayden Point
Goalie
Vitek Vanecek, Thatcher Demko
Custom OT Lines Forwards
Brayden Point, Zach Parise, Josh Anderson, Nino Niederreiter, Nicolas Roy, Andrew Copp, Ivan Barbashev, Gustav Nyquist, Ilya Mikheyev, Mathieu Joseph
Custom OT Lines Defensemen
Ryan McDonagh, Gustav Forsling, Jake Sanderson, Samuel Girard, Sean Durzi
Scratches
Mason Appleton (Healthy), Erik Gustafsson (Healthy)


Play-by-Play

1st period


0:01 of 1st period - Adam Henrique wins face-off versus Yanni Gourde in neutral zone.
0:10 of 1st period - Snap shot by Brayden Point.
0:10 of 1st period - Stopped by Akira Schmid with a rebound.
1:08 of 1st period - Wrist shot by Juuso Parssinen.
1:08 of 1st period - Shot Misses the Net.
1:56 of 1st period - Wrist shot by Luke Kunin.
1:56 of 1st period - Stopped by Vitek Vanecek with a rebound.
1:58 of 1st period - Wrist shot by Luke Kunin.
1:58 of 1st period - Shot Blocked by Sean Durzi.
2:00 of 1st period - Slapshot by Michael Rasmussen.
2:00 of 1st period - Stopped by Vitek Vanecek with a rebound.
2:16 of 1st period - Minor Penalty to Matthew Benning for Hooking.
2:17 of 1st period - Yanni Gourde wins face-off versus Brayden Point in Blackhawks zone.
2:31 of 1st period - Moritz Seider is hit by Josh Anderson and loses puck.
4:16 of 1st period - Penalty to Matthew Benning is over, Matthew Benning is back on ice.
4:53 of 1st period - Pavel Mintyukov is hit by Matt Roy and loses puck.
5:11 of 1st period - Gustav Nyquist is hit by Carson Soucy and loses puck.
5:24 of 1st period - Matthew Benning is hit by Nicolas Roy and loses puck.
5:52 of 1st period - Zach Parise is hit by Luke Kunin and loses puck.
6:19 of 1st period - Matt Roy is hit by Dominic Toninato and loses puck.
6:28 of 1st period - Ivan Barbashev is hit by Dominic Toninato and loses puck.
7:00 of 1st period - Icing by Luke Kunin.
7:01 of 1st period - Juuso Parssinen wins face-off versus Luke Kunin in Blackhawks zone.
7:02 of 1st period - Slapshot by Josh Anderson.
7:02 of 1st period - Stopped by Akira Schmid without a rebound.
7:03 of 1st period - Michael Rasmussen wins face-off versus Juuso Parssinen in Blackhawks zone.
8:22 of 1st period - Snap shot by Michael Amadio.
8:22 of 1st period - Shot Misses the Net.
8:34 of 1st period - Snap shot by Brayden Point.
8:34 of 1st period - Deflect By Zach Parise.
8:34 of 1st period - Stopped by Akira Schmid with a rebound.
8:36 of 1st period - Slapshot by Samuel Girard.
8:36 of 1st period - Stopped by Akira Schmid without a rebound.
8:37 of 1st period - Michael Rasmussen wins face-off versus Adam Henrique in Blackhawks zone.
9:07 of 1st period - Wrist shot by Luke Kunin.
9:07 of 1st period - Shot Blocked by Zach Parise.
9:09 of 1st period - Slapshot by Moritz Seider.
9:09 of 1st period - Deflect By Adam Henrique.
9:09 of 1st period - Stopped by Vitek Vanecek without a rebound.
9:10 of 1st period - Yanni Gourde wins face-off versus Andrew Copp in Avalanche zone.
9:17 of 1st period - Wrist shot by Tyler Bertuzzi.
9:17 of 1st period - Stopped by Vitek Vanecek with a rebound.
9:35 of 1st period - Ivan Barbashev is hit by Carson Soucy and loses puck.
10:08 of 1st period - Wrist shot by Adam Henrique.
10:08 of 1st period - Goal by Adam Henrique - Blackhawks : 0 - Avalanche : 1.
10:09 of 1st period - Gustav Nyquist wins face-off versus Yanni Gourde in neutral zone.
10:16 of 1st period - Mark Stone is hit by Nino Niederreiter and loses puck.
10:51 of 1st period - Snap shot by Mikael Backlund.
10:51 of 1st period - Stopped by Vitek Vanecek without a rebound.
10:52 of 1st period - Michael Rasmussen wins face-off versus Nicolas Roy in Avalanche zone.
11:03 of 1st period - Wrist shot by Tomas Tatar.
11:03 of 1st period - Goal by Tomas Tatar - Blackhawks : 1 - Avalanche : 1.
11:04 of 1st period - Mark Stone wins face-off versus Andrew Copp in neutral zone.
11:07 of 1st period - Snap shot by Tyler Bertuzzi.
11:07 of 1st period - Shot Blocked by Gustav Nyquist.
11:15 of 1st period - Slapshot by Yanni Gourde.
11:15 of 1st period - Goal by Yanni Gourde - Blackhawks : 2 - Avalanche : 1.
11:16 of 1st period - Andrew Copp wins face-off versus Mikael Backlund in neutral zone.
12:47 of 1st period - Wrist shot by Josh Anderson.
12:47 of 1st period - Shot Misses the Net.
12:49 of 1st period - Snap shot by Sean Durzi.
12:49 of 1st period - Stopped by Akira Schmid without a rebound.
12:50 of 1st period - Mikael Backlund wins face-off versus Juuso Parssinen in Blackhawks zone.
13:22 of 1st period - Snap shot by Tyler Bertuzzi.
13:22 of 1st period - Stopped by Vitek Vanecek with a rebound.
13:24 of 1st period - Slapshot by Niko Mikkola.
13:24 of 1st period - Deflect By Adam Henrique.
13:24 of 1st period - Stopped by Vitek Vanecek without a rebound.
13:25 of 1st period - Andrew Copp wins face-off versus Michael Rasmussen in Avalanche zone.
13:25 of 1st period - Andrew Copp is hit by Michael Rasmussen.
13:34 of 1st period - Off-side.
13:35 of 1st period - Andrew Copp wins face-off versus Michael Rasmussen in neutral zone.
13:42 of 1st period - Wrist shot by Nino Niederreiter.
13:42 of 1st period - Deflect By Tomas Tatar.
13:42 of 1st period - Stopped by Akira Schmid with a rebound.
13:46 of 1st period - Wrist shot by Gustav Nyquist.
13:46 of 1st period - Stopped by Akira Schmid with a rebound.
13:50 of 1st period - Snap shot by Gustav Nyquist.
13:50 of 1st period - Stopped by Akira Schmid with a rebound.
14:47 of 1st period - Tomas Tatar is hit by Nino Niederreiter and loses puck.
15:24 of 1st period - Snap shot by Nino Niederreiter.
15:24 of 1st period - Stopped by Akira Schmid with a rebound.
16:12 of 1st period - Snap shot by Gustav Nyquist.
16:12 of 1st period - Shot Misses the Net.
16:14 of 1st period - Wrist shot by Sean Durzi.
16:14 of 1st period - Stopped by Akira Schmid with a rebound.
16:16 of 1st period - Slapshot by Ryan McDonagh.
16:16 of 1st period - Shot Misses the Net.
16:18 of 1st period - Slapshot by Gustav Nyquist.
16:18 of 1st period - Stopped by Akira Schmid with a rebound.
16:20 of 1st period - Slapshot by Andrew Copp.
16:20 of 1st period - Stopped by Akira Schmid with a rebound.
16:22 of 1st period - Slapshot by Nino Niederreiter.
16:22 of 1st period - Stopped by Akira Schmid with a rebound.
16:24 of 1st period - Slapshot by Sean Durzi.
16:24 of 1st period - Shot Blocked by Tomas Tatar.
16:26 of 1st period - Snap shot by Sean Durzi.
16:26 of 1st period - Shot Misses the Net.
16:28 of 1st period - Wrist shot by Andrew Copp.
16:28 of 1st period - Shot Misses the Net.
16:32 of 1st period - Snap shot by Gustav Nyquist.
16:32 of 1st period - Shot Blocked by Tomas Tatar.
16:34 of 1st period - Wrist shot by Andrew Copp.
16:34 of 1st period - Shot Misses the Net.
16:36 of 1st period - Snap shot by Andrew Copp.
16:36 of 1st period - Stopped by Akira Schmid with a rebound.
16:38 of 1st period - Snap shot by Sean Durzi.
16:38 of 1st period - Shot Hit the Post.
18:19 of 1st period - Off-side.
18:20 of 1st period - Kevin Hayes wins face-off versus Adam Henrique in neutral zone.
18:43 of 1st period - Matthew Knies is hit by Adam Henrique and loses puck.
19:28 of 1st period - Snap shot by Brayden Point.
19:28 of 1st period - Stopped by Akira Schmid with a rebound.
19:36 of 1st period - Slapshot by Brayden Point.
19:36 of 1st period - Stopped by Akira Schmid with a rebound.
Goals for this period are 2 for Blackhawks vs 1 for Avalanche.
Shots for this period are 9 for Blackhawks vs 17 for Avalanche.

2nd period


0:01 of 2nd period - Yanni Gourde wins face-off versus Nicolas Roy in neutral zone.
0:14 of 2nd period - Wrist shot by Mark Stone.
0:14 of 2nd period - Stopped by Vitek Vanecek with a rebound.
0:28 of 2nd period - Slapshot by Kevin Hayes.
0:28 of 2nd period - Stopped by Vitek Vanecek with a rebound.
1:10 of 2nd period - Matt Roy is hit by Luke Kunin and loses puck.
1:17 of 2nd period - Slapshot by Tomas Tatar.
1:17 of 2nd period - Shot Misses the Net.
1:39 of 2nd period - Slapshot by Mark Stone.
1:39 of 2nd period - Shot Misses the Net.
2:05 of 2nd period - Kevin Hayes is hit by Matt Roy and loses puck.
2:26 of 2nd period - Snap shot by Phillip Di Giuseppe.
2:26 of 2nd period - Shot Blocked by Gustav Forsling.
2:32 of 2nd period - Phillip Di Giuseppe is hit by Gustav Forsling and loses puck.
2:42 of 2nd period - Off-side.
2:43 of 2nd period - Ivan Barbashev wins face-off versus Yanni Gourde in neutral zone.
2:48 of 2nd period - Wrist shot by Ilya Mikheyev.
2:48 of 2nd period - Shot Misses the Net.
3:15 of 2nd period - Adam Henrique is hit by Carson Soucy and loses puck.
3:28 of 2nd period - Ryan McDonagh is hit by Phillip Di Giuseppe and loses puck.
3:59 of 2nd period - Josh Anderson is hit by Luke Kunin and loses puck.
4:11 of 2nd period - Off-side.
4:12 of 2nd period - Yanni Gourde wins face-off versus Nicolas Roy in neutral zone.
4:42 of 2nd period - Slapshot by Mark Stone.
4:42 of 2nd period - Stopped by Vitek Vanecek without a rebound.
4:43 of 2nd period - Andrew Copp wins face-off versus Mikael Backlund in Avalanche zone.
4:50 of 2nd period - Slapshot by Kevin Hayes.
4:50 of 2nd period - Shot Misses the Net.
4:52 of 2nd period - Snap shot by Kevin Hayes.
4:52 of 2nd period - Stopped by Vitek Vanecek with a rebound.
4:54 of 2nd period - Slapshot by Kevin Hayes.
4:54 of 2nd period - Shot Blocked by Gustav Nyquist.
4:56 of 2nd period - Snap shot by Kevin Hayes.
4:56 of 2nd period - Stopped by Vitek Vanecek with a rebound.
4:58 of 2nd period - Wrist shot by Mikael Backlund.
4:58 of 2nd period - Shot Blocked by Gustav Nyquist.
5:14 of 2nd period - Wrist shot by Michael Amadio.
5:14 of 2nd period - Shot Misses the Net.
5:16 of 2nd period - Wrist shot by Phillip Di Giuseppe.
5:16 of 2nd period - Shot Blocked by Matt Roy.
5:18 of 2nd period - Wrist shot by Dominic Toninato.
5:18 of 2nd period - Stopped by Vitek Vanecek without a rebound.
5:19 of 2nd period - Yanni Gourde wins face-off versus Adam Henrique in Avalanche zone.
5:34 of 2nd period - Slapshot by Mark Stone.
5:34 of 2nd period - Deflect By Tyler Bertuzzi.
5:34 of 2nd period - Shot Misses the Net.
5:34 of 2nd period - Puck is out of play.
5:35 of 2nd period - Mikael Backlund wins face-off versus Nicolas Roy in Avalanche zone.
6:11 of 2nd period - Backhand shot by Adam Henrique.
6:11 of 2nd period - Stopped by Akira Schmid with a rebound.
6:25 of 2nd period - Wrist shot by Juuso Parssinen.
6:25 of 2nd period - Shot Misses the Net.
6:27 of 2nd period - Slapshot by Sean Durzi.
6:27 of 2nd period - Shot Misses the Net.
6:29 of 2nd period - Slapshot by Ryan McDonagh.
6:29 of 2nd period - Shot Misses the Net.
6:31 of 2nd period - Wrist shot by Josh Anderson.
6:31 of 2nd period - Shot Blocked by Carson Soucy.
6:33 of 2nd period - Snap shot by Mathieu Joseph.
6:33 of 2nd period - Shot Blocked by Carson Soucy.
8:12 of 2nd period - Snap shot by Andrew Copp.
8:12 of 2nd period - Shot Misses the Net.
8:16 of 2nd period - Snap shot by Andrew Copp.
8:16 of 2nd period - Shot Misses the Net.
8:18 of 2nd period - Slapshot by Jake Sanderson.
8:18 of 2nd period - Shot Misses the Net.
8:20 of 2nd period - Wrist shot by Andrew Copp.
8:20 of 2nd period - Deflect By Gustav Nyquist.
8:20 of 2nd period - Stopped by Akira Schmid without a rebound.
8:21 of 2nd period - Adam Henrique wins face-off versus Yanni Gourde in Blackhawks zone.
8:52 of 2nd period - Slapshot by Ivan Barbashev.
8:52 of 2nd period - Stopped by Akira Schmid with a rebound.
8:54 of 2nd period - Slapshot by Matt Roy.
8:54 of 2nd period - Deflect By Ivan Barbashev.
8:54 of 2nd period - Stopped by Akira Schmid with a rebound.
8:56 of 2nd period - Wrist shot by Nicolas Roy.
8:56 of 2nd period - Goal by Nicolas Roy - Blackhawks : 2 - Avalanche : 2.
8:57 of 2nd period - Yanni Gourde wins face-off versus Zach Parise in neutral zone.
9:23 of 2nd period - Carson Soucy is hit by Gustav Forsling and loses puck.
10:05 of 2nd period - Snap shot by Gustav Nyquist.
10:05 of 2nd period - Stopped by Akira Schmid without a rebound.
10:06 of 2nd period - Andrew Copp wins face-off versus Dominic Toninato in Blackhawks zone.
10:11 of 2nd period - Slapshot by Gustav Nyquist.
10:11 of 2nd period - Shot Blocked by Michael Amadio.
10:21 of 2nd period - Snap shot by Andrew Copp.
10:21 of 2nd period - Shot Misses the Net.
10:33 of 2nd period - Adam Henrique is hit by Yanni Gourde and loses puck.
10:52 of 2nd period - Mikael Backlund is hit by Josh Anderson and loses puck.
10:59 of 2nd period - Mathieu Joseph is hit by Mikael Backlund and loses puck.
11:13 of 2nd period - Off-side.
11:14 of 2nd period - Nicolas Roy wins face-off versus Michael Rasmussen in neutral zone.
11:17 of 2nd period - Luke Kunin is hit by Matt Roy and loses puck.
11:52 of 2nd period - Snap shot by Tomas Tatar.
11:52 of 2nd period - Stopped by Vitek Vanecek with a rebound.
12:00 of 2nd period - Slapshot by Tomas Tatar.
12:00 of 2nd period - Stopped by Vitek Vanecek without a rebound.
12:01 of 2nd period - Yanni Gourde wins face-off versus Adam Henrique in Avalanche zone.
12:50 of 2nd period - Wrist shot by Adam Henrique.
12:50 of 2nd period - Shot Misses the Net.
12:52 of 2nd period - Slapshot by Gustav Forsling.
12:52 of 2nd period - Stopped by Akira Schmid with a rebound.
12:54 of 2nd period - Snap shot by Zach Parise.
12:54 of 2nd period - Stopped by Akira Schmid with a rebound.
12:56 of 2nd period - Snap shot by Adam Henrique.
12:56 of 2nd period - Deflect By Brayden Point.
12:56 of 2nd period - Stopped by Akira Schmid without a rebound.
12:57 of 2nd period - Nicolas Roy wins face-off versus Yanni Gourde in Blackhawks zone.
12:58 of 2nd period - Wrist shot by Ivan Barbashev.
12:58 of 2nd period - Stopped by Akira Schmid without a rebound.
12:59 of 2nd period - Yanni Gourde wins face-off versus Nicolas Roy in Blackhawks zone.
13:07 of 2nd period - Wrist shot by Mark Stone.
13:07 of 2nd period - Deflect By Tyler Bertuzzi.
13:07 of 2nd period - Stopped by Vitek Vanecek without a rebound.
13:08 of 2nd period - Yanni Gourde wins face-off versus Nicolas Roy in Avalanche zone.
13:11 of 2nd period - Snap shot by Tyler Bertuzzi.
13:11 of 2nd period - Stopped by Vitek Vanecek with a rebound.
13:13 of 2nd period - Minor Penalty to Gustav Forsling for Holding Stick.
13:14 of 2nd period - Mikael Backlund wins face-off versus Zach Parise in Avalanche zone.
13:17 of 2nd period - Wrist shot by Mikael Backlund.
13:17 of 2nd period - Stopped by Vitek Vanecek with a rebound.
13:19 of 2nd period - Slapshot by Moritz Seider.
13:19 of 2nd period - Shot Blocked by Zach Parise.
13:21 of 2nd period - Slapshot by Roman Josi.
13:21 of 2nd period - Stopped by Vitek Vanecek with a rebound.
13:48 of 2nd period - Off-side.
13:49 of 2nd period - Yanni Gourde wins face-off versus Nicolas Roy in neutral zone.
15:13 of 2nd period - Penalty to Gustav Forsling is over, Gustav Forsling is back on ice.
15:42 of 2nd period - Minor Penalty to Gustav Forsling for Cross-checking.
15:43 of 2nd period - Andrew Copp wins face-off versus Mikael Backlund in Avalanche zone.
15:58 of 2nd period - Slapshot by Jake Sanderson.
15:58 of 2nd period - Shot Blocked by Mark Stone.
16:37 of 2nd period - Wrist shot by Mark Stone.
16:37 of 2nd period - Stopped by Vitek Vanecek without a rebound.
16:38 of 2nd period - Andrew Copp wins face-off versus Tomas Tatar in Avalanche zone.
16:49 of 2nd period - Slapshot by Kevin Hayes.
16:49 of 2nd period - Shot Misses the Net.
16:51 of 2nd period - Snap shot by Tomas Tatar.
16:51 of 2nd period - Shot Misses the Net.
16:53 of 2nd period - Wrist shot by Tyler Bertuzzi.
16:53 of 2nd period - Shot Misses the Net.
17:42 of 2nd period - Penalty to Gustav Forsling is over, Gustav Forsling is back on ice.
17:48 of 2nd period - Slapshot by Sean Durzi.
17:48 of 2nd period - Shot Misses the Net.
17:52 of 2nd period - Snap shot by Ivan Barbashev.
17:52 of 2nd period - Shot Misses the Net.
17:54 of 2nd period - Slapshot by Jake Sanderson.
17:54 of 2nd period - Stopped by Akira Schmid with a rebound.
18:10 of 2nd period - Slapshot by Luke Kunin.
18:10 of 2nd period - Shot Blocked by Samuel Girard.
18:34 of 2nd period - Michael Amadio is hit by Samuel Girard and loses puck.
19:03 of 2nd period - Matthew Knies is hit by Ivan Barbashev and loses puck.
Goals for this period are 0 for Blackhawks vs 1 for Avalanche.
Shots for this period are 13 for Blackhawks vs 11 for Avalanche.

3rd period


0:01 of 3rd period - Adam Henrique wins face-off versus Yanni Gourde in neutral zone.
0:26 of 3rd period - Kevin Hayes is hit by Ivan Barbashev and loses puck.
0:33 of 3rd period - Wrist shot by Ivan Barbashev.
0:33 of 3rd period - Stopped by Akira Schmid without a rebound.
0:34 of 3rd period - Nicolas Roy wins face-off versus Mikael Backlund in Blackhawks zone.
1:01 of 3rd period - Niko Mikkola is hit by Gustav Forsling and loses puck.
1:08 of 3rd period - Brayden Point is hit by Tyler Bertuzzi and loses puck.
1:25 of 3rd period - Snap shot by Luke Kunin.
1:25 of 3rd period - Stopped by Vitek Vanecek with a rebound.
1:27 of 3rd period - Slapshot by Carson Soucy.
1:27 of 3rd period - Shot Misses the Net.
1:29 of 3rd period - Snap shot by Tomas Tatar.
1:29 of 3rd period - Stopped by Vitek Vanecek without a rebound.
1:30 of 3rd period - Kevin Hayes wins face-off versus Nicolas Roy in Avalanche zone.
1:33 of 3rd period - Snap shot by Mikael Backlund.
1:33 of 3rd period - Stopped by Vitek Vanecek without a rebound.
1:34 of 3rd period - Nicolas Roy wins face-off versus Mikael Backlund in Avalanche zone.
1:41 of 3rd period - Wrist shot by Kevin Hayes.
1:41 of 3rd period - Shot Misses the Net.
1:43 of 3rd period - Wrist shot by Kevin Hayes.
1:43 of 3rd period - Deflect By Mikael Backlund.
1:43 of 3rd period - Shot Blocked by Ryan McDonagh.
1:43 of 3rd period - Puck is out of play.
1:44 of 3rd period - Adam Henrique wins face-off versus Yanni Gourde in Avalanche zone.
1:44 of 3rd period - Adam Henrique is hit by Yanni Gourde.
2:10 of 3rd period - Kevin Hayes is hit by Ivan Barbashev and loses puck.
2:23 of 3rd period - Snap shot by Ilya Mikheyev.
2:23 of 3rd period - Stopped by Akira Schmid without a rebound.
2:24 of 3rd period - Gustav Nyquist wins face-off versus Yanni Gourde in Blackhawks zone.
2:56 of 3rd period - Wrist shot by Mikael Backlund.
2:56 of 3rd period - Shot Misses the Net.
3:12 of 3rd period - Snap shot by Ivan Barbashev.
3:12 of 3rd period - Shot Blocked by Roman Josi.
3:14 of 3rd period - Snap shot by Ilya Mikheyev.
3:14 of 3rd period - Stopped by Akira Schmid with a rebound.
3:20 of 3rd period - Slapshot by Ivan Barbashev.
3:20 of 3rd period - Stopped by Akira Schmid with a rebound.
3:30 of 3rd period - Samuel Girard is hit by Michael Rasmussen and loses puck.
3:45 of 3rd period - Jake Sanderson is hit by Michael Rasmussen and loses puck.
3:56 of 3rd period - Luke Kunin is hit by Jake Sanderson and loses puck.
4:01 of 3rd period - Backhand shot by Mathieu Joseph.
4:01 of 3rd period - Stopped by Akira Schmid with a rebound.
4:03 of 3rd period - Backhand shot by Josh Anderson.
4:03 of 3rd period - Stopped by Akira Schmid with a rebound.
4:05 of 3rd period - Slapshot by Ryan McDonagh.
4:05 of 3rd period - Stopped by Akira Schmid with a rebound.
4:14 of 3rd period - Off-side.
4:15 of 3rd period - Yanni Gourde wins face-off versus Adam Henrique in neutral zone.
4:28 of 3rd period - Snap shot by Mark Stone.
4:28 of 3rd period - Shot Misses the Net.
5:10 of 3rd period - Slapshot by Moritz Seider.
5:10 of 3rd period - Shot Misses the Net.
6:05 of 3rd period - Wrist shot by Tomas Tatar.
6:05 of 3rd period - Stopped by Vitek Vanecek with a rebound.
6:07 of 3rd period - Wrist shot by Michael Rasmussen.
6:07 of 3rd period - Shot Blocked by Gustav Forsling.
6:37 of 3rd period - Wrist shot by Andrew Copp.
6:37 of 3rd period - Shot Misses the Net.
6:39 of 3rd period - Snap shot by Brayden Point.
6:39 of 3rd period - Shot Misses the Net.
6:41 of 3rd period - Wrist shot by Zach Parise.
6:41 of 3rd period - Deflect By Adam Henrique.
6:41 of 3rd period - Stopped by Akira Schmid without a rebound.
6:42 of 3rd period - Adam Henrique wins face-off versus Mikael Backlund in Blackhawks zone.
6:45 of 3rd period - Slapshot by Adam Henrique.
6:45 of 3rd period - Shot Misses the Net.
7:03 of 3rd period - Wrist shot by Brayden Point.
7:03 of 3rd period - Shot Blocked by Moritz Seider.
7:25 of 3rd period - Slapshot by Moritz Seider.
7:25 of 3rd period - Stopped by Vitek Vanecek without a rebound.
7:26 of 3rd period - Nicolas Roy wins face-off versus Dominic Toninato in Avalanche zone.
8:00 of 3rd period - Slapshot by Andrew Copp.
8:00 of 3rd period - Stopped by Akira Schmid with a rebound.
8:33 of 3rd period - Slapshot by Roman Josi.
8:33 of 3rd period - Stopped by Vitek Vanecek with a rebound.
8:36 of 3rd period - Icing by Ryan McDonagh.
8:37 of 3rd period - Juuso Parssinen wins face-off versus Dominic Toninato in Avalanche zone.
8:37 of 3rd period - Juuso Parssinen is hit by Dominic Toninato.
9:08 of 3rd period - Icing by Ryan McDonagh.
9:09 of 3rd period - Yanni Gourde wins face-off versus Josh Anderson in Avalanche zone.
9:26 of 3rd period - Snap shot by Juuso Parssinen.
9:26 of 3rd period - Shot Misses the Net.
9:28 of 3rd period - Wrist shot by Juuso Parssinen.
9:28 of 3rd period - Deflect By Mathieu Joseph.
9:28 of 3rd period - Stopped by Akira Schmid with a rebound.
9:46 of 3rd period - Slapshot by Pavel Mintyukov.
9:46 of 3rd period - Deflect By Yanni Gourde.
9:46 of 3rd period - Stopped by Vitek Vanecek without a rebound.
9:47 of 3rd period - Adam Henrique wins face-off versus Mikael Backlund in Avalanche zone.
9:58 of 3rd period - Snap shot by Kevin Hayes.
9:58 of 3rd period - Stopped by Vitek Vanecek with a rebound.
10:12 of 3rd period - Michael Rasmussen is hit by Ivan Barbashev and loses puck.
11:23 of 3rd period - Off-side.
11:24 of 3rd period - Yanni Gourde wins face-off versus Adam Henrique in neutral zone.
11:29 of 3rd period - Wrist shot by Mark Stone.
11:29 of 3rd period - Stopped by Vitek Vanecek with a rebound.
11:31 of 3rd period - Wrist shot by Yanni Gourde.
11:31 of 3rd period - Stopped by Vitek Vanecek with a rebound.
11:33 of 3rd period - Snap shot by Carson Soucy.
11:33 of 3rd period - Shot Misses the Net.
11:35 of 3rd period - Snap shot by Mark Stone.
11:35 of 3rd period - Shot Misses the Net.
11:49 of 3rd period - Mikael Backlund is hit by Gustav Nyquist and loses puck.
12:16 of 3rd period - Juuso Parssinen is hit by Tomas Tatar and loses puck.
12:42 of 3rd period - Minor Penalty to Yanni Gourde for Diving.
12:43 of 3rd period - Brayden Point wins face-off versus Tomas Tatar in Blackhawks zone.
12:46 of 3rd period - Slapshot by Brayden Point.
12:46 of 3rd period - Shot Misses the Net.
12:48 of 3rd period - Snap shot by Gustav Forsling.
12:48 of 3rd period - Stopped by Akira Schmid with a rebound.
12:54 of 3rd period - Snap shot by Brayden Point.
12:54 of 3rd period - Stopped by Akira Schmid with a rebound.
12:56 of 3rd period - Snap shot by Josh Anderson.
12:56 of 3rd period - Shot Blocked by Matthew Benning.
14:42 of 3rd period - Penalty to Yanni Gourde is over, Yanni Gourde is back on ice.
14:53 of 3rd period - Slapshot by Moritz Seider.
14:53 of 3rd period - Deflect By Tyler Bertuzzi.
14:53 of 3rd period - Stopped by Vitek Vanecek with a rebound.
15:57 of 3rd period - Matt Roy is hit by Matthew Knies.
17:14 of 3rd period - Icing by Jake Sanderson.
17:15 of 3rd period - Gustav Nyquist wins face-off versus Luke Kunin in Avalanche zone.
17:20 of 3rd period - Yanni Gourde is hit by Matt Roy and loses puck.
18:49 of 3rd period - Michael Rasmussen is hit by Josh Anderson.
Goals for this period are 0 for Blackhawks vs 0 for Avalanche.
Shots for this period are 11 for Blackhawks vs 12 for Avalanche.

Overtime #1


0:01 of 1st overtime period - Mikael Backlund wins face-off versus Brayden Point in neutral zone.
0:04 of 1st overtime period - Slapshot by Roman Josi.
0:04 of 1st overtime period - Shot Blocked by Zach Parise.
0:08 of 1st overtime period - Snap shot by Mark Stone.
0:08 of 1st overtime period - Stopped by Vitek Vanecek with a rebound.
0:10 of 1st overtime period - Wrist shot by Mark Stone.
0:10 of 1st overtime period - Shot Blocked by Ryan McDonagh.
0:12 of 1st overtime period - Snap shot by Mikael Backlund.
0:12 of 1st overtime period - Shot Blocked by Ryan McDonagh.
0:26 of 1st overtime period - Kevin Hayes is hit by Josh Anderson and loses puck.
2:11 of 1st overtime period - Off-side.
2:12 of 1st overtime period - Michael Rasmussen wins face-off versus Andrew Copp in neutral zone.
2:38 of 1st overtime period - Mikael Backlund is hit by Ryan McDonagh and loses puck.
3:16 of 1st overtime period - Kevin Hayes is hit by Nicolas Roy and loses puck.
3:33 of 1st overtime period - Yanni Gourde is hit by Josh Anderson and loses puck.
4:57 of 1st overtime period - Slapshot by Michael Rasmussen.
4:57 of 1st overtime period - Goal by Michael Rasmussen - Blackhawks : 3 - Avalanche : 2.
Goals for this period are 1 for Blackhawks vs 0 for Avalanche.
Shots for this period are 2 for Blackhawks vs 0 for Avalanche.